 Dungeon Crawl Stone Soup version 0.32-a0-913-g739538afd8 (webtiles) character file.

Game seed: 15160326225715325687

1702 Adrian566 the Slasher (level 8, 0/91 HPs)
             Began as a Demonspawn Gladiator on Apr 8, 2024.
             Succumbed to an orc warrior's poison
             ... on level 6 of the Dungeon on Apr 9, 2024.
             The game lasted 00:08:14 (5792 turns).

Adrian566 the Slasher (Demonspawn Gladiator)        Turns: 5792, Time: 00:08:14

Health: 0/91       AC: 24    Str: 14    XL:     8   Next: 73%
Magic:  8/8        EV:  2    Int: 10    God:
Gold:   49         SH:  0    Dex: 16    Spells: 7/7 levels left

rFire   . . .        q - +3 long sword
rCold   . . .        (no shield)
rNeg    + . .        o - melded +0 ring mail "Nirorgheu" {+Blink rF+ rCorr Int-5}
rPois   +            c - melded +1 helmet
rElec   +            g - melded +0 cloak
rCorr   +            (gloves currently unavailable)
SInv    .            l - melded +0 pair of boots
Will    .....        p - amulet "Mant" {rElec rPois rN+ RegenMP+}
Stlth   +++          m - ring of resist corrosion
HPRegen 0.35/turn    (no ring)
MPRegen 0.51/turn

%: no passive effects
@: lethally poisoned (0 -> -11), tree-form, wreathed by umbra
A: stationary, stasis, torment immunity, boosted hp, foul stench 1, (sharp
scales 1), (weakness stinger 1), foul shadow 1
a: no special abilities


You were on level 6 of the Dungeon.
You were a tree.
You visited 2 branches of the dungeon, and saw 7 of its levels.
You also visited: Sewer.

You collected 267 gold pieces.
You spent 218 gold pieces at shops.

Inventory:

Hand Weapons
 q - a +3 long sword (weapon)
Missiles
 d - 3 throwing nets (quivered)
 e - a javelin
Armour
 c - a +1 helmet (melded)
 g - a +0 cloak (melded)
 l - a +0 pair of boots (melded)
 o - the +0 ring mail "Nirorgheu" (melded) {+Blink rF+ rCorr Int-5}
   (You found it on level 3 of the Dungeon)

   Int-5:     It affects your intelligence (-5).
   rF+:       It protects you from fire.
   +Blink:    It lets you blink.
   rCorr:     It protects you from acid and corrosion.
Jewellery
 m - a ring of resist corrosion (left branch)
 p - the amulet "Mant" (around neck) {rElec rPois rN+ RegenMP+}
   (You found it on level 3 of the Dungeon)

   [amulet of magic regeneration]

   It increases your rate of magic regeneration.
   rElec:     It insulates you from electricity.
   rPois:     It protects you from poison.
   rN+:       It protects you from negative energy.
   RegenMP+:  It increases your rate of magic regeneration.
Wands
 k - a wand of charming (13)
Scrolls
 a - 2 scrolls of fear
 b - a scroll of noise
 f - 2 scrolls of teleportation
 h - a scroll of enchant armour
 i - a scroll of blinking
 r - a scroll of immolation
 t - 3 scrolls of identify
 w - a scroll of amnesia {unknown}
Potions
 j - 2 potions of brilliance
 n - a potion of attraction
 v - 2 potions of magic


   Skills:
 + Level 4.5 Fighting
 + Level 6.9 Long Blades
 + Level 1.8 Throwing
 + Level 4.6 Armour
 + Level 4.9 Dodging
 + Level 3.0 Stealth


You had 7 spell levels left.
You didn't know any spells.
Your spell library was empty.

Dungeon Overview and Level Annotations

Branches:
Dungeon (6/15)             Temple (1/1) D:5           Sewer (visited)

Altars:
Ashenzari
Cheibriados
Dithmenos
Fedhas
Gozag
Hepliaklqana
Kikubaaqudgha
Makhleb
Nemelex Xobeh
Okawaru
Qazlal
Ru
Trog
Uskayaw
Vehumet
Wu Jian
Yredelemnul

Shops:
D:2 =(:=*   D:4 *   D:5 ?   D:6 [


Innate Abilities, Weirdness & Mutations

You are a tree.
Your roots penetrate the ground, keeping you stationary.
You cannot be teleported.
You are immune to unholy pain and torment.
Your maximum health is greatly increased.
Your equipment is partially melded.
You may rarely emit foul miasma when damaged in melee.
((You are partially covered in razor-sharp scales. (AC +1, Slay +1)))
((You have a small tail.))
You are faintly shadowed, very rarely releasing foul flame when damaged in melee.


Message History

You kill the orc!
The orc warrior hits you with a +2 battleaxe of venom.
Your Stealth skill increases to level 3!
You closely miss the orc warrior.
The orc warrior hits you with a +2 battleaxe of venom!
The orc warrior is seared by the foul flame within you!
The orc warrior is moderately wounded.
The orc warrior hits you with a +2 battleaxe of venom.
You are poisoned.
You see here a +0 falchion.
Unknown command.
You hit the orc warrior.
The orc warrior is heavily wounded.
You feel sick.
The orc warrior hits you with a +2 battleaxe of venom!
* * * LOW HITPOINT WARNING * * *
You are lethally poisoned!
You completely miss the orc warrior.
Your tail-slap misses the orc warrior.
The orc warrior is heavily wounded.
* * * LOW HITPOINT WARNING * * *
You feel very sick. The orc warrior closely misses you.
Unknown command.
Okay, then.
Okay, then.
Blink to where?
Press: ? - help, Dir - move target
As you read the scroll of blinking, it crumbles to dust.
* * * LOW HITPOINT WARNING * * *
You feel very sick.
It was a potion of lignification.
You turn into a tree.
Your +0 cloak melds into your body.
Your +1 helmet melds into your body.
Your +0 pair of boots melds into your body.
The +0 ring mail "Nirorgheu" {+Blink rF+ rCorr Int-5} melds into your body.
Your roots penetrate the ground.
* * * LOW HITPOINT WARNING * * *
You feel very sick.
The air fills with toxic fumes!
As you read the scroll of poison, it crumbles to dust.
You die...

#.# #.#.# #.#.#
#.#####.#.# #.#.#
#....<§...####.#.#
#######§.........#
#§.#####.### #§§#
#.# #§§### #.#
#§§§§# #.# ##.#♣#
#.# #.#§# #.#
#.#§# ..# #.#§#
#.#§# #.#§#
#####.#o# #
......§§#.####
#####........#


You could see an orc warrior.

Vanquished Creatures
  Prince Ribbit (D:5)
  A water moccasin (D:5)
  2 black bears
  2 kobold brigands (Sewer)
  A phantom (D:4)
  A bullfrog (D:6)
  3 scorpions
  A jelly (D:4)
  A bombardier beetle (D:4)
  4 hounds
  An orc priest (D:6)
  5 iguanas
  Crazy Yiuf (D:4)
  A sleepcap (D:4)
  Natasha (thrice) (D:4)
  An orc wizard (D:4)
  9 adders
  2 river rats (Sewer)
  A shadow imp (D:6)
  A white imp (D:5)
  4 ufetubi
  6 ribbon worms
  2 dart slugs (D:1)
  6 orcs
  13 ball pythons
  14 endoplasms
  6 giant cockroaches
  4 goblins
  10 hobgoblins
  3 jackals (D:2)
  3 quokkas
  5 bats
  2 frilled lizards (D:1)
  12 kobolds
  10 rats
142 creatures vanquished.

Notes
Turn   | Place    | Note
-------+----------+-------------------------------------------
     0 | D:1      | Adrian566 the Demonspawn Gladiator began the quest for the
                  | Orb.
     0 | D:1      | Reached XP level 1. HP: 16/16 MP: 1/1
    96 | D:1      | Gained mutation: You have a small tail. [demonic ancestry]
    96 | D:1      | Reached XP level 2. HP: 18/22 MP: 2/2
   228 | D:1      | Reached skill level 3 in Long Blades
   556 | D:1      | Gained mutation: You may rarely emit foul miasma when
                  | damaged in melee. [demonic ancestry]
   556 | D:1      | Reached XP level 3. HP: 27/27 MP: 3/3
   742 | D:2      | Found Tapegrutih's Jewellery Boutique.
   881 | D:2      | Found Zopas's General Store.
  1028 | D:2      | Found Fusiunof's Antique Weapon Emporium.
  1212 | D:2      | Found Teuraih's Book Shoppe.
  1219 | D:2      | Found Wiletom's Jewellery Boutique.
  1267 | D:2      | Gained mutation: You are faintly shadowed, very rarely
                  | releasing foul flame when damaged in melee. [demonic
                  | ancestry]
  1267 | D:2      | Reached XP level 4. HP: 19/34 MP: 4/4
  1603 | D:3      | Reached skill level 1 in Armour
  1621 | D:3      | Found a bloodstained altar of Trog.
  1690 | D:3      | Found a burning altar of Makhleb.
  1816 | D:3      | Identified the +0 ring mail "Nirorgheu" {+Blink rF+ rCorr
                  | Int-5}
  1953 | D:3      | Identified the amulet "Mant" {rElec rPois rN+ RegenMP+}
  2182 | D:2      | Bought a runed long sword for 130 gold pieces
  2251 | D:4      | Reached skill level 4 in Long Blades
  2259 | D:4      | Reached skill level 1 in Stealth
  2259 | D:4      | Reached XP level 5. HP: 14/39 MP: 5/5
  2465 | D:4      | Noticed a phantom
  2479 | D:4      | Killed a phantom
  2480 | D:4      | Reached XP level 6. HP: 42/47 MP: 6/6
  2712 | D:4      | Noticed an angel
  2825 | D:4      | Noticed Natasha
  2843 | D:4      | Killed Natasha
  2891 | D:4      | Noticed Natasha
  2900 | D:4      | Killed Natasha
  3040 | D:4      | Found Iniawuima's General Store.
  3176 | D:4      | Reached skill level 5 in Long Blades
  3185 | D:4      | Noticed Natasha
  3189 | D:4      | Killed Natasha
  3231 | D:4      | Found a runed translucent door.
  3232 | D:4      | Noticed Crazy Yiuf
  3275 | D:4      | Bought a scroll of identify for 28 gold pieces
  3400 | D:4      | Killed Crazy Yiuf
  3401 | D:4      | Gained mutation: You are partially covered in razor-sharp
                  | scales. (AC +1, Slay +1) [demonic ancestry]
  3401 | D:4      | Reached XP level 7. HP: 50/52 MP: 7/7
  3423 | D:5      | Entered Level 5 of the Dungeon
  3538 | D:5      | Found a glowing drain.
  3543 | Sewer    | Entered a sewer
  4499 | D:5      | Noticed Prince Ribbit
  4521 | D:5      | Killed Prince Ribbit
  4646 | D:5      | Reached XP level 8. HP: 27/60 MP: 8/8
  4780 | D:5      | Reached skill level 6 in Long Blades
  5073 | D:5      | Found Myator's Magic Scroll Shoppe.
  5080 | D:5      | Bought a scroll of identify for 30 gold pieces
  5080 | D:5      | Bought a scroll of identify for 30 gold pieces
  5183 | D:5      | Found a staircase to the Ecumenical Temple.
  5416 | D:5      | Found a stormy altar of Qazlal.
  5453 | Temple   | Entered the Ecumenical Temple
  5778 | D:6      | Found Zara's Armour Shop.
  5791 | D:6      | HP: 3/91 [poisoned by an orc warrior]
  5792 | D:6      | Succumbed to an orc warrior's poison

Illustrated notes

Levels and vault maps discovered:
D:1:      minmay_arrival_checkered_box, layout_loops_cross
D:2:      layout_loops_ring, serial_shops, shop, shop,
          nicolae_shop_just_a_little_nook, shop, shop
D:3:      layout_basic, mainiacjoe_overflow_boulevard, trog_three_pillars_becter
D:4:      layout_basic, zin_angel, serial_shops,
          nicolae_shop_tiny_statue_garden, uniq_natasha, uniq_crazy_yiuf_cottage
D:5:      layout_loops_ring, lemuel_coloured_pillars_altar, temple_green,
          serial_shops, nicolae_stop_n_shop_1, portal_sewer_entry_e,
          uniq_prince_ribbit1
D:6:      layout_loops_ring, gammafunk_ghost_cemetery, nicolae_take_the_stairs,
          nicolae_elevator_lobby_asterisk
Temple:   nicolae_temple_x_marks_the_god

Skill      XL: |  1  2  3  4  5  6  7  8 |
---------------+-------------------------+-----
Long Blades    | 3 4 5 6 |  6.9
Dodging        | 3 4 |  4.9
Armour         | 1 2 3 4 |  4.6
Stealth        | 1 2 3 |  3.0
Fighting       | 3 4 |  4.5
Throwing       | |  1.8

Action                     |  1- 3 |  4- 6 |  7- 9 || total
---------------------------+-------+-------+-------++-------
  Melee: Long sword        |   122 |   119 |   218 ||   459
         Tailslap          |    13 |    22 |    27 ||    62
    Use: Scroll            |       |     9 |     5 ||    14
         Potion            |       |     4 |     2 ||     6
   Stab: Sleeping          |     1 |     3 |     5 ||     9
         Distracted        |       |     1 |     1 ||     2
 Armour: Leather armour    |    70 |    14 |       ||    84
         Ring mail         |       |    71 |   170 ||   241
  Dodge: Dodged            |    89 |    93 |   161 ||   343

Table legend: (Time is in decaauts)
 A = Elapsed time spent in this place.
 B = Non-inter-level travel time spent in this place.
 C = Inter-level travel time spent in this place.
 D = Time resting spent in this place.
 E = Time spent auto-exploring this place.
 F = Levels seen in this place.
 G = Mean time per level.
                   A        B        C        D        E       F      G
               +--------+--------+--------+--------+--------+-----+--------+
         Total |   6033 |   5771 |    262 |    385 |   4124 |   8 |  754.1 |
       Dungeon |   4911 |   4656 |    255 |    209 |   3494 |   6 |  818.5 |
        Temple |     18 |     11 |      7 |      0 |      0 |   1 |   18.0 |
         Sewer |   1103 |   1103 |      0 |    176 |    630 |   1 | 1103.0 |
               +--------+--------+--------+--------+--------+-----+--------+

Top non-repeatable levels by time:
     D:4: 1207 daAuts
     D:5: 1155 daAuts
   Sewer: 1103 daAuts
     D:2: 917 daAuts
     D:1: 750 daAuts
     D:3: 597 daAuts
     D:6: 283 daAuts
  Temple: 18 daAuts
